 Dungeon Crawl Stone Soup version 0.25.1-2-g60ff931df9 (webtiles) character file.

Game seed: 3743258479704354011

17183 DearestLeader the Earth Mage (level 12, -3/59 HPs)
             Began as a Gargoyle Earth Elementalist on Oct 27, 2020.
             Was an Elder of Vehumet.
             Slain by a wolf (9 damage)
             ... on level 2 of the Lair of Beasts.
             The game lasted 00:32:28 (15312 turns).

DearestLeader the Earth Mage (GrEE)                Turns: 15312, Time: 00:32:29

Health: -3/59      AC: 13    Str: 13    XL:     12   Next: 45%
Magic:  5/24       EV: 12    Int: 26    God:    Vehumet [****..]
Gold:   476        SH:  0    Dex: 14    Spells: 5/28 levels left

rFire    + . .     SeeInvis .   p - +6 whip of Rotation {speed, Dex+4 Stlth+}
rCold    + + .     Gourm    .   (no shield)
rNeg     + . .     Faith    .   P - +2 robe {rC+}
rPois    ∞         Spirit   .   (no helmet)
rElec    +         Reflect  .   y - scarf {rC+ rF+}
rCorr    .         Harm     .   L - +0 pair of gloves
MR       .....                  (no boots)
Stlth    +++.......             (no amulet)
HPRegen  0.19/turn              v - +6 ring of intelligence
MPRegen  0.19/turn              (no ring)

@: no status effects
A: negative energy resistance 1, electricity resistance, unbreathing,
petrification resistance, rot immunity, AC +8
a: Renounce Religion


You were on level 2 of the Lair of Beasts.
You worshipped Vehumet.
Vehumet was greatly pleased with you.
You were near starving.

You visited 2 branches of the dungeon, and saw 13 of its levels.

You collected 648 gold pieces.
You spent 172 gold pieces at shops.

Inventory:

Hand Weapons
 p - the +6 whip of Rotation (weapon) {speed, Dex+4 Stlth+}
   (You found it on level 9 of the Dungeon)

   Attacks with this weapon are significantly faster.
   It affects your dexterity (+4).
   It makes you more stealthy.
 G - a +2 dagger of venom
 I - the +1 quarterstaff of Guikil {flame, Str+4 SInv Stlth-}
   (You took it off an orc priest on level 9 of the Dungeon)

   It has been specially enchanted to burn those struck by it, causing extra
   injury to most foes and up to half again as much damage against particularly
   susceptible opponents.
   It affects your strength (+4).
   It lets you see invisible.
   It makes you less stealthy.
Missiles
 b - 304 stones (quivered)
Armour
 s - a +0 buckler
 y - a scarf of resistance (worn)
 L - a +0 pair of gloves (worn)
 M - a +2 cloak
 P - a +2 robe of cold resistance (worn)
Jewellery
 v - a +6 ring of intelligence (left hand)
 N - an uncursed ring of ice
 R - a cursed ring of teleportation {unknown}
Wands
 i - a wand of acid (10)
 w - a wand of iceblast (5)
 B - a wand of disintegration (9)
 E - a wand of digging (6)
Scrolls
 e - a scroll of magic mapping {unknown}
 g - 7 scrolls of remove curse
 j - 2 scrolls of enchant weapon
 k - 3 scrolls of enchant armour
 l - a scroll of fear {unknown}
 m - 7 scrolls of teleportation
 n - a scroll of blinking
 r - a scroll of fog
 u - a scroll of random uselessness
 C - a scroll of acquirement {unknown}
 K - a scroll of summoning
 O - 3 scrolls of holy word {unknown}
Potions
 a - 5 potions of curing
 c - a potion of brilliance {unknown}
 f - a potion of haste {unknown}
 h - 3 potions of ambrosia
 o - a potion of cancellation {unknown}
 q - 2 potions of stabbing
 t - 5 potions of mutation
 x - 5 potions of heal wounds
 z - a potion of degeneration {unknown}
 A - 3 potions of berserk rage
 D - a potion of might {unknown}
 F - a potion of flight {unknown}
 J - a potion of magic {unknown}
Miscellaneous
 Q - a phial of floods
Comestibles
 d - 26 rations


   Skills:
 - Level 1.5 Dodging
 - Level 2.1 Stealth
 + Level 8.8 Spellcasting
 * Level 9.4 Conjurations
 - Level 4.4 Transmutations
 + Level 15.7 Earth Magic
 - Level 5.0 Poison Magic
 - Level 1.6 Evocations


You had 5 spell levels left.
You knew the following spells:

 Your Spells              Type           Power        Failure   Level  Hunger
a - Sandblast             Erth           ######       0%          1    None
b - Passwall              Tmut/Erth      ######..     1%          2    None
c - Stone Arrow           Conj/Erth      ######       1%          3    None
d - Lee's Rapid Deconstr  Erth           #######...   1%          5    ####...
e - Petrify               Tmut/Erth      ######..     1%          4    ##.....
f - Mephitic Cloud        Conj/Pois/Air  #####...     1%          3    None
g - Bolt of Magma         Conj/Fire/Erth ######....   1%          5    ####...

Your spell library contained the following spells:

 Spells                   Type           Power        Failure   Level  Hunger


Dungeon Overview and Level Annotations

Branches:
Dungeon (11/15)            Temple (0/1) D:7            Lair (2/6) D:11
    Orc (0/2) D:10
  Swamp: Lair:2-4    Shoals: Lair:2-4     Snake: Lair:2-4    Spider: Lair:2-4

Altars:
Ashenzari
Fedhas
Gozag
Ru
Trog
Vehumet
Wu Jian
Xom
Zin
The Shining One

Shops:
D:9 *


Innate Abilities, Weirdness & Mutations

You are resistant to torment.
Your stone body is resilient. (AC +8)
You are immune to poison.
You resist negative energy. (rN+)
You are resistant to electric shocks. (rElec)
You can survive without breathing.
You are immune to petrification.
You are immune to rotting.


Message History

Casting: Sandblast (safe; 0% risk of failure)
Confirm with . or Enter, or press ? or * to list all spells.
Aiming: Sandblast (safe; 0% risk of failure)
Press: ? - help, Shift-Dir - straight line, f/p - wolf
Aim: a wolf The blast of sand hits the wolf but does no damage.
b - 305 stones The wolf bites you but does no damage.
The wolf barely misses you.
Casting: Sandblast (safe; 0% risk of failure)
Confirm with . or Enter, or press ? or * to list all spells.
Aiming: Sandblast (safe; 0% risk of failure)
Press: ? - help, Shift-Dir - straight line, f/p - wolf
Aim: a wolf The blast of sand hits the wolf!!
The wolf is almost dead.
b - 304 stones The wolf bites you!
* * * LOW HITPOINT WARNING * * *
The wolf bites you!
You die...

PP.....##.# ##hhh...####
......#.### ##.........
...%....## ###.......
.........## #......
..........# P.....
.........## ######.....
.......<..####.#PP....(.
...../...........h......
..#.<...........@h......
...>..(...#######.#.....
........P## #......
....D..### .... .
..S....# ..... .......#
..... ......## ..##
.....## .#.


You could see 2 wolves.

Vanquished Creatures
  Fannar (D:11)
  2 hydras
  3 two-headed ogres
  An unseen horror (D:10)
  Maurice (D:11)
  2 trolls (D:11)
  A hornet (D:8)
  2 dream sheep (D:9)
  9 blink frogs (Lair:1)
  4 hippogriffs
  13 yaks
  Grum (D:11)
  2 wyverns
  Menkaure (D:4)
  A steam dragon (D:8)
  2 water moccasins (Lair:1)
  3 porcupines
  3 orc warriors
  6 ice beasts
  3 sky beasts
  4 phantoms
  8 wolves
  4 ogres
  4 centaurs
  2 crocodiles
  6 big kobolds
  4 bullfrogs
  A wyvern skeleton (D:7)
  A scorpion (D:6)
  3 killer bees (D:11)
  9 wights
  6 howler monkeys
  6 crimson imps
  A quasit (D:8)
  3 jellies
  A lava snake (D:7)
  A centaur zombie (D:9)
  6 hounds
  9 orc priests
  A centaur skeleton (D:6)
  2 bullfrog skeletons
  3 orc wizards
  4 iguanas
  9 worker ants
  A hound skeleton (D:9)
  A worker ant zombie (D:10)
  A howler monkey zombie (D:11)
  3 gnolls (D:8)
  3 adders
  2 shadow imps
  2 adder zombies (D:9)
  2 adder skeletons
  A worm (D:5)
  6 leopard geckos
  18 orcs
  5 bats
  4 giant cockroaches
  7 goblins
  4 hobgoblins
  16 jackals
  3 quokkas
  3 frilled lizards
  32 kobolds
  A quokka skeleton (D:6)
  A quokka zombie (D:8)
  8 rats
283 creatures vanquished.

Notes
Turn   | Place    | Note
-------+----------+-------------------------------------------
     0 | D:1      | DearestLeader the Gargoyle Earth Elementalist began the
                  | quest for the Orb.
     0 | D:1      | Reached XP level 1. HP: 10/10 MP: 3/3
   556 | D:1      | Reached skill level 4 in Earth Magic
   582 | D:1      | Reached XP level 2. HP: 15/15 MP: 5/5
  1227 | D:2      | Reached skill level 5 in Earth Magic
  1227 | D:2      | Reached XP level 3. HP: 7/19 MP: 3/6
  2919 | D:3      | Found a bloodstained altar of Trog.
  2919 | D:3      | Found an ornate altar of the Wu Jian Council.
  3048 | D:3      | Reached XP level 4. HP: 24/24 MP: 7/7
  3080 | D:3      | Learned a level 2 spell: Passwall
  3084 | D:3      | Learned a level 3 spell: Stone Arrow
  3477 | D:4      | Noticed a phantom
  3491 | D:4      | Killed a phantom
  3491 | D:4      | Reached skill level 7 in Earth Magic
  3491 | D:4      | Reached XP level 5. HP: 18/28 MP: 0/8
  3706 | D:4      | Noticed Menkaure
  3714 | D:4      | Killed Menkaure
  3714 | D:4      | Reached XP level 6. HP: 23/32 MP: 1/9
  3994 | D:4      | Found a radiant altar of Vehumet.
  4001 | D:4      | Became a worshipper of Vehumet
  4034 | D:4      | Reached skill level 8 in Earth Magic
  4034 | D:4      | Reached XP level 7. HP: 33/36 MP: 6/11
  4090 | D:4      | Found a blossoming altar of Fedhas.
  4571 | D:4      | Learned a level 5 spell: Lee's Rapid Deconstruction
  4658 | D:5      | Entered Level 5 of the Dungeon
  5440 | D:5      | Reached skill level 9 in Earth Magic
  5440 | D:5      | Reached XP level 8. HP: 41/41 MP: 10/13
  5866 | D:5      | Found a shimmering altar of Xom.
  6152 | D:6      | Found a shattered altar of Ashenzari.
  6158 | D:6      | Learned a level 4 spell: Petrify
  6207 | D:6      | Reached skill level 10 in Earth Magic
  7049 | D:6      | Reached skill level 11 in Earth Magic
  7377 | D:7      | Found a staircase to the Ecumenical Temple.
  7380 | D:7      | Reached skill level 1 in Transmutations
  7451 | D:7      | Reached XP level 9. HP: 40/45 MP: 6/15
  8046 | D:8      | Got a slimy falchion
  8046 | D:8      | Identified the +6 falchion of Ferat {pain, Int+2 Dex+4}
                  | (You found it on level 8 of the Dungeon)
  8092 | D:8      | Reached skill level 12 in Earth Magic
  8447 | D:8      | Reached * piety under Vehumet
  8447 | D:8      | Offered knowledge of Foxfire by Vehumet.
  8486 | D:8      | Noticed a hornet
  8490 | D:8      | Killed a hornet
  8494 | D:8      | Reached skill level 13 in Earth Magic
  8810 | D:8      | Noticed a two-headed ogre
  8861 | D:8      | Found a glowing golden altar of the Shining One.
  9020 | D:8      | Offered knowledge of Shock by Vehumet.
  9023 | D:8      | Reached ** piety under Vehumet
  9136 | D:8      | Reached skill level 5 in Spellcasting
  9512 | D:8      | Found a sacrificial altar of Ru.
  9533 | D:8      | Killed a two-headed ogre
  9533 | D:8      | Reached skill level 5 in Conjurations
  9533 | D:8      | Reached skill level 1 in Evocations
  9533 | D:8      | Reached XP level 10. HP: 50/50 MP: 9/18
  9598 | D:8      | Found a glowing silver altar of Zin.
 10073 | D:9      | Reached skill level 14 in Earth Magic
 10123 | D:9      | Noticed a three-headed hydra
 10127 | D:9      | Killed a three-headed hydra
 10339 | D:9      | Offered knowledge of Mephitic Cloud by Vehumet.
 10358 | D:8      | Learned a level 3 spell: Mephitic Cloud
 10542 | D:9      | Got a jewelled whip
 10542 | D:9      | Identified the +6 whip of Rotation {speed, Dex+4 Stlth+}
                  | (You found it on level 9 of the Dungeon)
 10553 | D:9      | Identified the cursed +1 quarterstaff of Guikil {flame,
                  | Str+4 SInv Stlth-}
 10742 | D:9      | Noticed a two-headed ogre
 10763 | D:10     | Entered Level 10 of the Dungeon
 10950 | D:10     | Reached XP level 11. HP: 54/54 MP: 9/21
 11329 | D:10     | Noticed an unseen horror
 11331 | D:10     | Killed an unseen horror
 11331 | D:10     | Reached skill level 15 in Earth Magic
 11628 | D:10     | Noticed a two-headed ogre
 11635 | D:10     | Killed a two-headed ogre
 11771 | D:10     | Found a staircase to the Orcish Mines.
 12063 | D:10     | Reached *** piety under Vehumet
 12204 | D:9      | Reached skill level 1 in Poison Magic
 12809 | D:9      | Killed a two-headed ogre
 13007 | D:9      | Found Noll's Assorted Antiques.
 13014 | D:9      | Bought a glowing cloak for 172 gold pieces
 13167 | D:11     | Offered knowledge of Conjure Flame by Vehumet.
 13254 | D:11     | Noticed Fannar
 13564 | D:11     | Found a staircase to the Lair.
 13593 | D:11     | Noticed Maurice
 13607 | D:11     | Killed Maurice
 13639 | D:11     | Noticed Grum
 13641 | D:11     | Killed Grum
 13712 | D:11     | Reached **** piety under Vehumet
 13866 | D:11     | Found an opulent altar of Gozag.
 14121 | D:11     | Killed Fannar
 14121 | D:11     | Reached XP level 12. HP: 59/59 MP: 0/24
 14474 | Lair:1   | Entered Level 1 of the Lair of Beasts
 14670 | Lair:1   | Noticed a four-headed hydra
 14680 | Lair:1   | Killed a four-headed hydra
 14680 | Lair:1   | Offered knowledge of Bolt of Magma by Vehumet.
 14688 | Lair:1   | Learned a level 5 spell: Bolt of Magma
 14995 | Lair:1   | Reached skill level 5 in Poison Magic
 15257 | Lair:2   | Noticed a five-headed hydra
 15292 | Lair:2   | HP: 2/59 [wolf (4)]
 15312 | Lair:2   | Slain by a wolf

Illustrated notes

Levels and vault maps discovered:
D:1:      dpeg_arrival_arbitrary_c, layout_loops_cross
D:2:      layout_basic, first_ration, serial_bayou_pond_e, grunt_ministairs_11,
          minmay_pentomino_t2
D:3:      layout_loops_ring, gammafunk_temple_overflow_statue
D:4:      layout_basic, old_standard_altar, fedhas_altar_3, uniq_menkaure
D:5:      layout_layer_cave, kennysheep_little_box
D:6:      layout_basic, nicolae_ashenzari_panopticon
D:7:      layout_rooms, minmay_temple_entry_proselytizer,
          kennysheep_decorative_pillar
D:8:      kennysheep_kobold_camp, layout_loops_ring, grunt_temple_overflow_open
D:9:      layout_loops_ring, serial_shops, nicolae_shop_overgrown_old_shop,
          hangedman_ranch [blue_anna_fruit_fields], amethyst_killhole
D:10:     layout_stronghold, orc_0_dummy
D:11:     wander_river, layout_long_grid, lair_entry_dummy,
          minmay_misc_feat_five, kennysheep_small_spiral,
          nicolae_gozag_seed_capital, uniq_maurice, uniq_grum, uniq_fannar
Lair:1:   layout_misc_corridors, small_statue_intersection
Lair:2:   layout_hall_layers, guppyfry_snake_entry_garden, enter_volcano_4,
          beast_lair_carwin_7, uniq_maggie

Skill      XL: |  1  2  3  4  5  6  7  8  9 10 11 12 |
---------------+-------------------------------------+-----
Earth Magic    | 4 5 7 8 9 11 13 14 15 | 15.7
Conjurations   | 2 3 4 5 6 8 9 |  9.4
Spellcasting   | 3 4 5 7 8 |  8.8
Transmutations | 1 2 3 4 |  4.4
Evocations     | 1 |  1.6
Poison Magic   | 4 5 |  5.0
Dodging        | |  1.5
Stealth        | |  2.1

Action                   |  1- 3 |  4- 6 |  7- 9 | 10-12 || total
-------------------------+-------+-------+-------+-------++-------
Melee: Mace              |    21 |       |       |       ||    21
       Dagger            |    56 |       |       |    54 ||   110
       Whip              |    67 |    43 |   249 |   143 ||   502
       Short sword       |     1 |       |       |       ||     1
       Falchion          |       |       |    17 |       ||    17
 Cast: Sandblast         |     9 |    23 |    72 |    62 ||   166
       Stone Arrow       |       |       |    24 |    88 ||   112
       Lee's Rapid Decon |       |       |    12 |    28 ||    40
       Bolt of Magma     |       |       |       |     1 ||     1
       Petrify           |       |       |       |     1 ||     1
  Use: Scroll            |     2 |       |     3 |    12 ||    17
       Potion            |       |       |       |     1 ||     1
 Stab: Sleeping          |     4 |     2 |     3 |     4 ||    13
       Distracted        |       |       |       |     1 ||     1
  Eat: Chunk             |     6 |     4 |    15 |    21 ||    46
       Ration            |       |       |     2 |     1 ||     3
Armor: Robe              |    48 |    22 |   139 |   138 ||   347
Dodge: Dodged            |   109 |    31 |   213 |   159 ||   512
       Rpst.: Falchion   |       |       |     2 |       ||     2
